 Dungeon Crawl Stone Soup version 0.26-a0-649-gf8c6c3aab7 (webtiles) character file.

Game seed: 11482192767291075243

204 Borbozo the Sneak (level 5, 0/35 HPs)
             Began as an Octopode Brigand on Sept 27, 2020.
             Slain by an ogre
             ... wielding a +0 giant club
              (17 damage)
             ... on level 3 of the Dungeon.
             The game lasted 00:23:05 (3519 turns).

Borbozo the Sneak (Octopode Brigand)                Turns: 3519, Time: 00:23:05

Health: 0/35       AC:  1    Str: 10    XL:     5   Next: 82%
Magic:  5/5        EV: 13    Int: 13    God:
Gold:   136        SH:  0    Dex: 15    Spells: 4/4 levels left

rFire    . . .     SeeInvis .   a - +2 dagger
rCold    . . .     Faith    .   (no shield)
rNeg     . . .     Spirit   .   (helmet restricted)
rPois    .         Reflect  .   (no amulet)
rElec    .         Harm     .   m - ring of stealth
rCorr    .         Rampage  .   (no ring)
MR       .....                  (no ring)
Stlth    ++++++....             (no ring)
HPRegen  0.11/turn              (no ring)
MPRegen  0.09/turn              (no ring)
                                (no ring)
                                (no ring)

@: no status effects
A: almost no armour, stealthy swim, amphibious, 8 rings, constrict 8, camouflage
1, gelatinous body 1
a: no special abilities


You were on level 3 of the Dungeon.
You visited 1 branch of the dungeon, and saw 3 of its levels.

You collected 136 gold pieces.

Inventory:

Hand Weapons
 a - a +2 dagger (weapon)
 l - a +2 hand axe of freezing
 r - a +0 dagger
Missiles
 b - 3 poisoned darts (quivered)
 c - 2 curare-tipped darts
Jewellery
 m - a ring of stealth (left tentacle)
 n - an uncursed ring of protection from cold
Scrolls
 f - a scroll of remove curse
 g - a scroll of teleportation
 h - a scroll of fear
 j - a scroll of noise {unknown}
 o - a scroll of blinking
 q - a scroll of identify {unknown}
Potions
 d - a potion of heal wounds {unknown}
 e - a potion of mutation {unknown}
 i - a potion of stabbing {unknown}
 k - a potion of brilliance {unknown}
 p - 2 potions of might {unknown}


   Skills:
 + Level 2.5 Fighting
 + Level 3.0 Short Blades
 + Level 3.0 Throwing
 + Level 1.7 Dodging
 + Level 7.6 Stealth


You had 4 spell levels left.
You didn't know any spells.
Your spell library was empty.

Dungeon Overview and Level Annotations

Branches:
Dungeon (3/15)

Altars:

Annotations:
D:3 1 transporter, Laze's ghost, novice GnWr


Innate Abilities, Weirdness & Mutations

You cannot wear most types of armour.
You are very stealthy in the water. (Stealth+)
You are amphibious.
You can wear up to eight rings at the same time.
You can use your tentacles to constrict eight enemies at once.
Your skin changes colour to match your surroundings (Stealth+).
Your rubbery body absorbs attacks. (AC +1, EV +1)


Message History

Laze's ghost blinks!
Throwing (i - inventory. (/) - cycle)
b - 5 poisoned darts (quivered)
Press: ? - help, Shift-Dir - straight line, f - Laze's ghost
Aim: Laze's ghost, wielding a weapon of protection You throw a poisoned dart.
The poisoned dart closely misses Laze's ghost.
Throwing (i - inventory. (/) - cycle)
b - 4 poisoned darts (quivered)
Press: ? - help, Shift-Dir - straight line, f/p - Laze's ghost
Aim: Laze's ghost, wielding a weapon of protection You throw a poisoned dart.
The poisoned dart barely misses Laze's ghost.
The poisoned dart hits the ogre!
Laze's ghost hits you!
You can't go down here!
You can't go up here!
Laze's ghost casts a spell.
Laze's ghost blinks!
The ogre hits you with a +0 giant club!
Laze's ghost mumbles some strange words.
Laze's ghost blinks!
The ogre hits you with a +0 giant club!
You die...

..........########.##..#..<...#
..........#©.(...#.###.#......#
#.........#.#..#.#..##........###
..........#(.##..#....<.........#
..........#..##..#...###....#####
.(........#.#..#!#©.........#
..........#©....?#...###....#
..........#.#..#.#©..# #....#
#.).......#..##.@#.#.# ###.####
#..(...#..#..##OO#.#.# #.....#
..........#.#W.#.#.#.# #.....#
..........#......#.#.# #.....#
....##....########...# #.....#
...####...#.#.##.##..####.....#
............^.#...............#
..###.....#..............######
###...#..................#


You could see 2 ogres and Laze's ghost (wandering).

Vanquished Creatures
  An ogre (D:2)
  A howler monkey zombie (D:3)
  An adder (D:3)
  3 oozes
  5 worms
  A dart slug (D:1)
  5 leopard geckos (D:2)
  2 orcs (D:3)
  5 giant cockroaches
  9 hobgoblins
  6 bats
  6 frilled lizards
  8 goblins
  4 kobolds (D:1)
  5 rats
62 creatures vanquished.

Vanquished Creatures (others)
  9 plants (D:2)
9 creatures vanquished.

Grand Total: 71 creatures vanquished

Notes
Turn   | Place    | Note
-------+----------+-------------------------------------------
     0 | D:1      | Borbozo the Octopode Brigand began the quest for the Orb.
     0 | D:1      | Reached XP level 1. HP: 14/14 MP: 1/1
    72 | D:1      | You fall into a shaft and drop 1 floor!
    92 | D:2      | Reached XP level 2. HP: 14/19 MP: 2/2
   196 | D:2      | Reached skill level 6 in Stealth
   820 | D:1      | Reached XP level 3. HP: 24/24 MP: 3/3
  1879 | D:2      | Reached XP level 4. HP: 27/29 MP: 4/4
  1942 | D:2      | Noticed an ogre
  2002 | D:2      | Killed an ogre
  2002 | D:2      | Reached skill level 7 in Stealth
  2002 | D:2      | Reached XP level 5. HP: 22/35 MP: 5/5
  2522 | D:3      | Found a transporter.
  2522 | D:3      | Noticed an ogre
  2522 | D:3      | Noticed Laze's ghost (novice GnWr)
  2594 | D:3      | Identified the +7 dire flail of Makhleb's Inspiration
                  | {vorpal, rElec rPois rF- Dex+2}
  2594 | D:3      | Noticed an ogre
  3488 | D:3      | Found a transporter.
  3519 | D:3      | Slain by an ogre

Illustrated notes

Levels and vault maps discovered:
D:1:      psy_arrival_statuary, layout_basic
D:2:      layout_rooms, serial_bayou, serial_bayou_pond_b, serial_bayou_shore_a,
          serial_bayou_pond_a, serial_bayou_pond_c,
          chequers_serial_rivers_room_b
D:3:      wad_river_or_something, layout_rooms, gammafunk_ghost_smash,
          cheibrodos_sewer_entry_bend

Skill      XL: |  1  2  3  4  5 |
---------------+----------------+-----
Stealth        | 6 7 |  7.6
Short Blades   | 3 |  3.0
Throwing       | 3 |  3.0
Fighting       | |  2.5
Dodging        | |  1.7

Action                   |  1- 3 |  4- 6 || total
-------------------------+-------+-------++-------
Melee: Dagger            |    74 |    64 ||   138
       Constrict         |    17 |    18 ||    35
       Tentacles         |    10 |     8 ||    18
Throw: Dart              |    19 |    11 ||    30
  Use: Scroll            |       |     4 ||     4
 Stab: Sleeping          |     7 |     9 ||    16
       Distracted        |     1 |       ||     1
Armor: Skin              |     3 |     9 ||    12
Dodge: Dodged            |    41 |    28 ||    69

Table legend: (Time is in decaauts)
 A = Elapsed time spent in this place.
 B = Non-inter-level travel time spent in this place.
 C = Inter-level travel time spent in this place.
 D = Time resting spent in this place.
 E = Time spent auto-exploring this place.
 F = Levels seen in this place.
 G = Mean time per level.
                   A        B        C        D        E       F      G
               +--------+--------+--------+--------+--------+-----+--------+
         Total |   3500 |   3488 |     12 |    929 |      0 |   3 | 1166.7 |
       Dungeon |   3500 |   3488 |     12 |    929 |      0 |   3 | 1166.7 |
               +--------+--------+--------+--------+--------+-----+--------+

Top non-repeatable levels by time:
     D:1: 1418 daAuts
     D:2: 1092 daAuts
     D:3: 988 daAuts
